 Dungeon Crawl Stone Soup version 0.30.0-29-ga12c61a403 (webtiles) character file.

Game seed: 7972971700579467379

2849 Bamboolord the Covert (level 9, 0/39 HPs)
             Began as a Felid Enchanter on June 18, 2023.
             Slain by a two-headed ogre
             ... wielding a +0 giant spiked club
              (27 damage)
             ... on level 8 of the Dungeon.
             The game lasted 00:19:34 (7650 turns).

Bamboolord the Covert (Felid Enchanter)             Turns: 7650, Time: 00:19:35

Health: 0/39       AC:  4    Str:  4    XL:     9   Next: 46%
Magic:  15/17      EV: 19    Int: 19    God:
Gold:   338        SH:  0    Dex: 14    Spells: 3/18 levels left
                                        Lives:  0   Deaths: 2

rFire   + .          .
                       - Unarmed
rCold   . . .        (shield unavailable)
rNeg    . . .        (body armour unavailable)
rPois   .            (helmet unavailable)
rElec   .            (cloak unavailable)
rCorr   .            (gloves unavailable)
SInv    +            (boots unavailable)
Will    +....        b - amulet of regeneration
Stlth   +++++        m - ring of protection from fire
HPRegen 1.06/turn    n - ring of wizardry
MPRegen 0.15/turn

%: wizardry (x1)
@: quick
A: very small, claws 1, fangs 3, see invisible, speed 1, shaggy fur 2, stealthy
paws, no weapons or thrown items, no armour, multi-lived, iridescent scales 1,
clumsy 1, dopey 1
a: no special abilities


You were on level 8 of the Dungeon.
You visited 2 branches of the dungeon, and saw 9 of its levels.

You collected 338 gold pieces.

Inventory:

Jewellery
 b - an amulet of regeneration (around neck)
 f - an amulet of magic regeneration
 j - a +6 ring of strength
 m - a ring of protection from fire (left paw)
 n - a ring of wizardry (right paw)
 v - an amulet of the acrobat
Wands
 o - a wand of roots (7)
 p - a wand of mindburst (13)
Scrolls
 a - 3 scrolls of teleportation
 c - 3 scrolls of fog {unknown}
 d - a scroll of magic mapping {unknown}
 e - a scroll of amnesia
 g - a scroll of fear {unknown}
 h - a scroll of immolation {unknown}
 k - 3 scrolls of vulnerability {unknown}
 l - a scroll of blinking {unknown}
 t - a scroll of summoning {unknown}
 u - a scroll of noise {unknown}
Potions
 q - 3 potions of attraction
 r - 2 potions of resistance
 s - 2 potions of heal wounds
 w - a potion of curing {unknown}


   Skills:
 * Level 4.0 Fighting
 * Level 6.1 Dodging
 * Level 10.6 Stealth
 * Level 5.7 Unarmed Combat
 * Level 5.0 Spellcasting
 * Level 8.0 Hexes
 * Level 4.0 Translocations
 * Level 3.6 Ice Magic
 * Level 3.8 Evocations


You had 3 spell levels left.
You knew the following spells:

 Your Spells              Type           Power      Damage    Failure   Level
a - Ensorcelled Hibernat  Hex/Ice        52%        N/A       1%          2
b - Confusing Touch       Hex            35%        N/A       1%          3
c - Tukima's Dance        Hex            35%        N/A       1%          3
d - Blink                 Tloc           38%        N/A       1%          2
e - Lesser Beckoning      Tloc           38%        N/A       1%          2
f - Dazzling Flash        Conj/Hex       40%        N/A       2%          3

Your spell library contained the following spells:

 Spells                   Type           Power      Damage    Failure   Level
 Gell's Gravitas          Tloc           19%        N/A       2%          3
 Teleport Other           Tloc           19%        N/A       2%          3
 Momentum Strike          Conj/Tloc      24%        3d8       3%          2
 Sandblast                Erth           8%         2d5       4%          1
 Passwall                 Tmut/Erth      3%         N/A       8%          2
 Stone Arrow              Conj/Erth      8%         3d7       16%         3


Dungeon Overview and Level Annotations

Branches:
Dungeon (8/15)             Temple (1/1) D:4
   Lair: D:8-11

Altars:
Ashenzari
Cheibriados
Dithmenos
Elyvilon
Fedhas
Gozag
Hepliaklqana
Kikubaaqudgha
Makhleb
Nemelex Xobeh
Qazlal
Ru
Sif Muna
Trog
Uskayaw
Vehumet
Xom
Yredelemnul
Zin


Innate Abilities, Weirdness & Mutations

You have sharp claws.
You have razor-sharp teeth.
You have supernaturally acute eyesight. (SInv)
You cover ground quickly. (Speed+)
You are covered in thick fur. (AC +2)
Your paws help you pounce on unaware monsters.
You are incapable of wielding weapons or throwing items.
You cannot wear armour.
You gain extra lives every three experience levels.
You are partially covered in iridescent scales. (AC +2)
You are clumsy. (Dex -2)
You are dopey. (Int -2)


Message History

Unknown command.
There is an open door here.
Done exploring.
There is a stone staircase leading down here.
You climb downwards.
Found a stone staircase leading up.
There is a stone staircase leading up here.
Okay, then.
The helpless water moccasin fails to defend itself.
You eviscerate the water moccasin!!!
You kill the water moccasin!
A bullfrog comes into view.
Found an Everburning Encyclopedia.
A howler monkey comes into view.
A howler monkey comes into view.
You see here an Everburning Encyclopedia.
You pounce on the unaware helpless bullfrog!
You eviscerate the bullfrog!!!
You kill the bullfrog!
A two-headed ogre comes into view.
It is wielding a +0 giant spiked club and a +0 giant club.
Found a scroll of identify.
The helpless howler monkey fails to defend itself.
You eviscerate the howler monkey!!!
You kill the howler monkey!
Your Translocations skill increases to level 4!
The helpless two-headed ogre fails to defend itself.
You eviscerate the two-headed ogre!!!
The two-headed ogre is almost dead.
The two-headed ogre barely misses you.
The two-headed ogre hits you with a +0 giant club!
You completely miss the two-headed ogre.
You bite the two-headed ogre, but do no damage.
The two-headed ogre is almost dead.
Aiming: Ensorcelled Hibernation (safe; 1% risk of failure)
Press: ? - help, Q - select action, (/) - cycle Shift-Dir - straight line, f - two-headed ogre
Aim: a two-headed ogre, wielding a +0 giant spiked club and a +0 giant club (almost dead, chance to affect: 39%)
The two-headed ogre resists with some effort.
The two-headed ogre hits you with a +0 giant spiked club!!
Ouch! That really hurt!
You die...

.. #.# #.#
#.#♣♣♣ #.#..
#.#.##.#h♣♣♣
#.#.##.#.@O♣
#.#.##..♣♣♣...?+
#.#<##:#♣ .♣.#
#.#.##.# #
#.#.##.#
######.#.##.#
.......<....#
.#######.##.#
####.#


You could see a two-headed ogre and a howler monkey.

Vanquished Creatures
  Pikel (D:4)
  A hornet (D:7)
  Eustachio (D:6)
  2 water moccasins
  4 sky beasts
  A black bear (D:4)
  A lemure (D:4)
  An ogre (D:7)
  A centaur (D:5)
  3 phantoms
  Blork the orc (D:5)
  6 scorpions
  7 bullfrogs
  2 jellies
  5 killer bees (D:5)
  3 howler monkeys
  3 hounds
  2 orc priests (D:5)
  Crazy Yiuf (D:6)
  Ijyb (D:3)
  A sleepcap (D:6)
  Natasha (thrice) (D:2)
  4 iguanas
  3 orc wizards
  7 gnolls
  7 adders
  A shadow imp (D:6)
  An ufetubus (D:5)
  2 worms
  2 dart slugs (D:1)
  23 orcs
  9 ball pythons
  4 bats
  7 endoplasms
  3 giant cockroaches
  6 goblins
  13 hobgoblins
  4 jackals
  5 kobolds
  2 quokkas
  2 frilled lizards
  9 rats
165 creatures vanquished.

Vanquished Creatures (collateral kills)
  An orc (D:3)
1 creature vanquished.

Vanquished Creatures (others)
  2 dancing weapons
  3 orcs (D:5)
5 creatures vanquished.

Grand Total: 171 creatures vanquished

Notes
Turn   | Place    | Note
-------+----------+-------------------------------------------
     0 | D:1      | Bamboolord the Felid Enchanter began the quest for the Orb.
     0 | D:1      | Reached XP level 1. HP: 7/7 MP: 4/4
   118 | D:1      | Reached XP level 2. HP: 11/11 MP: 6/6
   287 | D:1      | Learned a level 2 spell: Ensorcelled Hibernation
   438 | D:1      | Reached XP level 3. HP: 3/15 MP: 4/7
   748 | D:1      | Learned a level 3 spell: Confusing Touch
  1013 | D:2      | Noticed Natasha
  1037 | D:2      | Killed Natasha
  1038 | D:2      | Reached skill level 5 in Stealth
  1038 | D:2      | Reached skill level 5 in Hexes
  1038 | D:2      | Reached XP level 4. HP: 13/18 MP: 3/8
  1183 | D:2      | Noticed Natasha
  1196 | D:2      | Killed Natasha
  1252 | D:2      | Noticed Natasha
  1257 | D:2      | Killed Natasha
  1258 | D:2      | Reached skill level 1 in Fighting
  1634 | D:2      | Reached XP level 5. HP: 15/22 MP: 6/9
  1836 | D:2      | Noticed a phantom
  1842 | D:2      | Killed a phantom
  1843 | D:2      | Reached skill level 1 in Ice Magic
  2043 | D:2      | Learned a level 3 spell: Tukima's Dance
  2178 | D:3      | Noticed Ijyb
  2189 | D:3      | HP: 1/22 [Ijyb/bolt of acid (11)]
  2214 | D:3      | Killed Ijyb
  2215 | D:3      | Reached skill level 6 in Stealth
  2423 | D:3      | Found a broken altar of Ashenzari.
  2675 | D:3      | Gained mutation: You are covered in thick fur. (AC +2)
                  | [Felid growth]
  2675 | D:3      | Reached XP level 6. HP: 25/25 MP: 6/10
  3722 | D:4      | Reached XP level 7. HP: 25/29 MP: 0/12
  4035 | D:4      | Reached skill level 7 in Stealth
  4035 | D:4      | Reached skill level 1 in Evocations
  4047 | D:4      | Found a staircase to the Ecumenical Temple.
  4066 | D:4      | Noticed Pikel
  4081 | Temple   | Entered the Ecumenical Temple
  4497 | D:4      | Gained mutation: You are clumsy. (Dex -2) [potion of
                  | mutation]
  4497 | D:4      | Gained mutation: You are partially covered in iridescent
                  | scales. (AC +2) [potion of mutation]
  4497 | D:4      | Gained mutation: You are dopey. (Int -2) [potion of
                  | mutation]
  4497 | D:4      | Slain by Pikel
  4498 | D:4      | Reached XP level 6. HP: -3/26 MP: 3/11
  4594 | D:4      | Killed Pikel
  4595 | D:4      | Reached XP level 7. HP: 30/30 MP: 2/13
  5003 | D:5      | Entered Level 5 of the Dungeon
  5030 | D:5      | Reached skill level 8 in Stealth
  5033 | D:5      | Learned a level 2 spell: Blink
  5128 | D:5      | Noticed Blork the orc
  5133 | D:5      | Killed Blork the orc
  5134 | D:5      | Reached XP level 8. HP: 34/34 MP: 14/14
  5214 | D:5      | Reached skill level 1 in Translocations
  5215 | D:5      | Found a radiant altar of Vehumet.
  5277 | D:5      | Reached skill level 5 in Dodging
  5477 | D:5      | HP: 1/34 [killer bee (4)]
  5480 | D:5      | Slain by a killer bee
  5481 | D:5      | Reached XP level 7. HP: -4/31 MP: 1/14
  5987 | D:6      | Reached skill level 9 in Stealth
  5987 | D:6      | Reached XP level 8. HP: 34/34 MP: 12/15
  6066 | D:6      | Identified the +4 ring mail of the Volcano {rElec rPois
                  | Int+2}
  6264 | D:6      | Noticed Eustachio
  6270 | D:6      | Killed Eustachio
  6325 | D:6      | Reached skill level 5 in Unarmed Combat
  6616 | D:6      | Learned a level 2 spell: Lesser Beckoning
  6620 | D:6      | Learned a level 3 spell: Dazzling Flash
  6628 | D:6      | Found a runed translucent door.
  6629 | D:6      | Noticed Crazy Yiuf
  6891 | D:6      | Killed Crazy Yiuf
  7132 | D:7      | Reached XP level 9. HP: 39/39 MP: 13/17
  7168 | D:7      | Reached skill level 10 in Stealth
  7533 | D:7      | Reached skill level 5 in Spellcasting
  7644 | D:8      | Noticed a two-headed ogre
  7650 | D:8      | Slain by a two-headed ogre

Illustrated notes

Levels and vault maps discovered:
D:1:      onia_arrival_mini_spirals, layout_rooms, nrook_uturn,
          minmay_misc_feat_secret_circle, corner_web_ring, minmay_tromino_i4
D:2:      layout_basic, minmay_unequal, uniq_natasha
D:3:      layout_basic, cheibrodos_ashenzari_chains, uniq_ijyb
D:4:      black_bear_nest_2, layout_loops_corners, temple_green, uniq_pikel
D:5:      layout_loops_cross, fiery_altar_vehumet, uniq_blork_the_orc
D:6:      layout_loops_ring, chequers_serial_rivers_small_a, uniq_eustachio,
          uniq_crazy_yiuf_cottage
D:7:      layout_rooms, kennysheep_generic_room_16
D:8:      nzn_winding_woodlands_three_and_one
          [nzn_winding_woodlands_5x15_jagged, nzn_winding_woodlands_5x15_cabin,
          nzn_winding_woodlands_5x15_sidewinder,
          nzn_winding_woodlands_center_triple_pond], layout_loops_ring
Temple:   minmay_temple_bridge_d

Skill      XL: |  1  2  3  4  5  6  7  8  9 |
---------------+----------------------------+-----
Dodging        | 3 4 5 6 |  6.1
Stealth        | 5 6 9 10 | 10.6
Hexes          | 5 6 7 8 |  8.0
Unarmed Combat | 2 3 4 5 |  5.7
Fighting       | 1 2 3 4 |  4.0
Ice Magic      | 1 2 3 |  3.6
Spellcasting   | 3 4 5 |  5.0
Evocations     | 2 3 |  3.8
Translocations | 2 3 4 |  4.0

Action                     |  1- 3 |  4- 6 |  7- 9 || total
---------------------------+-------+-------+-------++-------
  Melee: Unarmed           |   126 |   145 |   197 ||   468
         Bite              |    11 |    16 |    22 ||    49
         Punch             |       |     4 |     4 ||     8
   Cast: Ensorcelled Hiber |     4 |    40 |    58 ||   102
         Confusing Touch   |     2 |     3 |     5 ||    10
         Tukima's Dance    |       |     5 |     2 ||     7
  Evoke: Wand              |       |       |     7 ||     7
    Use: Potion            |     2 |     1 |     3 ||     6
         Scroll            |       |     1 |     5 ||     6
   Stab: Sleeping          |     9 |    32 |    53 ||    94
         Invisible         |     3 |       |       ||     3
         Confused          |     2 |     2 |     3 ||     7
 Armour: Skin              |    10 |     2 |    17 ||    29
  Dodge: Dodged            |   109 |   116 |   178 ||   403
